Map: Glittering Ashes LE

Players

Osiris

  • Race: Terran Terran
  • Spawn Location: 7:00

llllllllll - Winner!

  • Race: Protoss Protoss
  • League: Diamond
  • Spawn Location: 1:00

VOD

Have the link to the VOD?

Description

Time

  • Played on: July 19, 2022, 7:59 a.m.
  • Length: 13:54
Show
View Real Time Build Order
Export as new Build Order

Osiris Terran 

Build Orders:  

Get SALT Encoding   

  12  0:00  SCV  
  13  0:12  SCV  
  14  0:17  Supply Depot  
  14  0:24  SCV  
  15  0:38  SCV  
  15  0:41  Barracks  
  16  0:43  Refinery  
  16  0:50  SCV  
  17  1:02  SCV  
  18  1:14  SCV  
  19  1:28  Orbital Command  
  19  1:29  Barracks Reactor  
  19  1:45  Command Center  
  20  1:54  SCV  
  20  1:59  Supply Depot  
  20  2:06  SCV, Marine x2  
  23  2:20  SCV, Barracks  
  24  2:24  Marine x2  
  26  2:32  Barracks  
  26  2:35  SCV  
  27  2:42  Marine x2  
  28  2:47  SCV  
  29  2:58  Orbital Command  
  29  2:59  SCV  
  29  3:01  Marine x2  
  31  3:13  SCV  
  32  3:22  Marine x2, Barracks Tech Lab  
  32  3:23  Barracks Tech Lab  
  32  3:25  SCV  
  35  3:32  Supply Depot  
  35  3:34  SCV  
  35  3:40  SCV  
  35  3:41  Marine x2  
  38  3:42  Marine x2, Stimpack, Combat Shield  
  41  3:49  SCV  
  41  3:54  Supply Depot  
  41  3:55  SCV  
  43  4:01  SCV, Factory  
  43  4:02  Marine x3  
  46  4:04  Marine  
  46  4:09  Refinery  
  48  4:12  SCV  
  48  4:14  Refinery  
  49  4:17  Supply Depot  
  49  4:22  SCV  
  50  4:25  SCV  
  50  4:26  Marine x4  
  55  4:34  SCV  
  55  4:37  SCV  
  56  4:39  Engineering Bay  
  56  4:46  SCV  
  56  4:47  Marauder  
  56  4:48  Supply Depot, Marauder  
  56  4:49  Factory Reactor  
  56  4:50  SCV  
  62  4:53  Marine  
  62  4:54  Marine  
  62  4:58  SCV  
  65  5:03  SCV  
  65  5:04  Starport  
  65  5:09  Concussive Shells  
  65  5:10  Marine x2  
  65  5:13  Refinery  
  67  5:16  Supply Depot, Terran Infantry Weapons Level 1  
  67  5:24  Marine x2  
  67  5:25  SCV  
  67  5:26  SCV  
  71  5:36  Marauder x2  
  71  5:37  Factory Reactor  
  71  5:38  SCV x2  
  71  5:42  Supply Depot  
  77  5:50  SCV  
  77  5:51  Medivac x2  
  77  5:55  Supply Depot  
  82  6:06  Marine  
  82  6:07  Marine, Marauder  
  82  6:08  Marauder  
  86  6:29  Marine x2  
  86  6:30  Widow Mine x2, Medivac x2, Marauder x2  
  76  6:41  SCV  
  76  6:44  Bunker  
  76  6:45  SCV  
  76  6:46  Bunker  
  77  6:47  Marine x2  
  77  6:53  SCV  
  84  6:54  Marauder  
  84  6:56  Marauder  
  84  6:57  Widow Mine x2  
  84  6:58  SCV  
  86  7:07  Marine x2  
  86  7:08  SCV  
  88  7:10  SCV, Terran Infantry Armor Level 1  
  88  7:36  Supply Depot  
  86  7:37  Supply Depot  
  86  7:38  Marine x2, Medivac x2  
  86  7:39  Widow Mine  
  94  7:46  Supply Depot  
  94  7:48  Supply Depot  
  94  7:53  Command Center  
  94  7:54  Barracks x2  
  94  7:56  Armory  
  94  7:58  SCV, Widow Mine, Marine x2, Marauder x2  
  102  8:02  Widow Mine  
  101  8:22  Marine x2, Marauder x2  
  107  8:27  Widow Mine x2  
  107  8:28  Liberator x2  
  107  8:30  SCV  
  110  8:43  Marine, Barracks Tech Lab x2, Marauder  
  110  8:44  Marine, Marauder  
  114  9:04  Marine x2, Marauder  
  114  9:05  Widow Mine, Marauder  
  114  9:06  Widow Mine, Terran Infantry Weapons Level 2  
  112  9:17  Refinery  
  96  9:24  Marine x2, Marauder x2  
  96  9:25  Marine  
  94  9:32  Liberator x2, Widow Mine  
  94  9:33  Widow Mine, Marine  
  104  9:42  Marine x2  
  104  9:43  Marine  
  107  9:48  Marauder x2  
  102  10:00  Marine x2  
  101  10:21  Marauder  
  101  10:22  Marauder x2  
  101  10:25  SCV  
  101  10:26  SCV  
  98  10:35  Marine  
  98  10:36  Marine x2  
  98  10:42  Widow Mine x2, Marine x2  
  93  10:43  Marine  
  82  10:53  Marine x2  
  82  10:54  Marine  
  78  10:59  SCV  
  78  11:00  Marine x3, Orbital Command  
  78  11:02  SCV  
  76  11:06  Widow Mine x2  
  83  11:11  Marine  
  83  11:12  SCV  
  83  11:14  SCV  
  83  11:15  Marine x2  
  88  11:20  Marine x2  
  88  11:21  Marine  
  88  11:24  SCV  
  89  11:26  SCV  
  89  11:29  Widow Mine x2  
  94  11:39  Marine, Marauder x2  
  98  11:40  Marine x2  
  98  11:41  Marauder  
  98  11:42  SCV  
  98  11:43  SCV  
  98  11:44  SCV  
  103  11:54  SCV  
  103  11:58  Marauder  
  108  12:01  Marauder x2  
  108  12:02  Widow Mine x2, Marine  
  108  12:03  Marine, Marauder  
  118  12:15  SCV x2, Bunker  
  120  12:17  Bunker  
  120  12:19  Marine  
  120  12:20  Marine  
  120  12:22  Marine x2  
  113  12:35  Marine x2  
  113  12:36  Widow Mine x2  
  118  12:42  Marine x3, Marauder  
  123  12:58  Marauder x2  
  127  12:59  Widow Mine x2  
  127  13:04  Marine  
  127  13:05  Marine  
  133  13:06  Marauder  
  133  13:18  Barracks  
  133  13:20  Barracks  
  133  13:21  Barracks  
  133  13:28  Marauder  
  133  13:30  Marauder  
Show
View Real Time Build Order
Export as new Build Order

llllllllll Protoss - Winner!

Build Orders: 1 Gate Expand, Double Forge, Blink Stalkers 

Get SALT Encoding   

  12  0:00  Probe  
  13  0:15  Probe  
  13  0:20  Pylon  
  14  0:27  Probe  
  15  0:39  Gateway  
  15  0:40  Probe (Chrono Boost)  
  16  0:48  Assimilator  
  16  0:50  Probe (Chrono Boost)  
  16  0:56  Probe  
  18  1:08  Probe  
  19  1:20  Probe  
  20  1:29  Nexus  
  20  1:38  Cybernetics Core  
  20  1:46  Assimilator  
  21  1:47  Zealot  
  21  1:55  Pylon  
  21  1:57  Probe  
  22  2:09  Probe  
  22  2:13  Adept (Chrono Boost)  
  23  2:17  Warp Gate  
  23  2:21  Probe  
  26  2:32  Twilight Council  
  26  2:34  Probe  
  27  2:39  Stalker (Chrono Boost)  
  29  2:45  Probe  
  29  2:46  Probe  
  31  2:58  Probe x2  
  33  3:10  Probe x2  
  35  3:22  Probe (Chrono Boost)  
  35  3:24  Probe (Chrono Boost)  
  37  3:28  Blink  
  39  3:34  Probe (Chrono Boost)  
  39  3:36  Probe (Chrono Boost)  
  39  3:39  Forge  
  39  3:40  Probe x2 (Chrono Boost)  
  40  3:42  Forge  
  41  3:48  Probe  
  41  3:49  Probe  
  41  3:50  Pylon  
  43  4:00  Probe  
  43  4:02  Shield Battery  
  42  4:03  Probe  
  43  4:17  Protoss Ground Armor Level 1 (Chrono Boost), Probe  
  43  4:18  Probe  
  43  4:19  Nexus  
  43  4:20  Pylon  
  45  4:26  Protoss Ground Weapons Level 1 (Chrono Boost)  
  45  4:29  Probe  
  46  4:32  Gateway  
  46  4:33  Gateway  
  46  4:36  Probe  
  47  4:41  Probe  
  48  4:48  Shield Battery, Probe  
  48  4:51  Shield Battery, Gateway  
  49  4:56  Probe  
  50  5:01  Gateway  
  50  5:02  Probe  
  51  5:08  Probe  
  51  5:09  Pylon  
  52  5:14  Probe  
  52  5:19  Gateway  
  52  5:20  Probe  
  54  5:22  Pylon  
  54  5:26  Probe  
  54  5:27  Zealot x2  
  59  5:29  Charge, Stalker  
  59  5:32  Probe  
  62  5:47  Stalker x3  
  68  5:55  Stalker  
  70  5:59  Stalker  
  70  6:00  Pylon  
  72  6:05  Stalker x2  
  72  6:11  Stalker x2  
  80  6:15  Gateway  
  80  6:16  Gateway  
  80  6:18  Gateway  
  76  6:20  Stalker  
  76  6:23  Zealot  
  64  6:29  Zealot x2  
  64  6:36  Zealot x2  
  64  6:40  Protoss Ground Armor Level 2 (Chrono Boost), Protoss Ground Weapons Level 2 (Chrono Boost)  
  64  6:42  Probe x2  
  64  6:43  Probe  
  67  6:54  Pylon  
  67  7:07  Probe x2  
  67  7:08  Probe  
  70  7:10  Nexus  
  70  7:12  Pylon  
  68  7:35  Robotics Facility  
  68  7:38  Probe (Chrono Boost)  
  68  7:39  Probe (Chrono Boost)  
  68  7:40  Stalker x4, Probe (Chrono Boost)  
  79  7:50  Probe (Chrono Boost)  
  82  7:52  Gateway  
  82  7:54  Gateway  
  82  7:55  Gateway  
  82  7:56  Probe x2 (Chrono Boost)  
  82  7:57  Zealot  
  82  7:58  Zealot  
  86  8:02  Probe  
  81  8:16  Stalker  
  81  8:17  Zealot x3, Stalker  
  81  8:18  Zealot, Probe x3  
  96  8:25  Probe  
  97  8:30  Probe x2  
  99  8:45  Observer  
  96  8:55  Assimilator  
  96  8:59  Assimilator  
  96  9:01  Zealot  
  96  9:02  Zealot x5  
  104  9:03  Zealot x5  
  104  9:06  Immortal  
  104  9:07  Probe  
  103  9:34  Stalker x5  
  103  9:37  Photon Cannon  
  113  9:40  Photon Cannon  
  113  9:42  Photon Cannon  
  79  10:10  Protoss Ground Weapons Level 3 (Chrono Boost)  
  79  10:18  Zealot x2, Protoss Ground Armor Level 3 (Chrono Boost)  
  79  10:19  Zealot x5  
  79  10:20  Zealot x5  
  103  10:29  Pylon  
  85  10:49  Stalker x3  
  79  10:50  Stalker x2  
  83  11:13  Zealot x2  
  83  11:14  Zealot x7  
  101  11:20  Robotics Bay  
  101  11:21  Probe  
  102  11:29  Zealot  
  102  11:30  Zealot x2  
  108  11:34  Nexus  
  108  11:38  Assimilator  
  100  12:05  Gravitic Boosters (Chrono Boost), Pylon  
  100  12:09  Observer  
  100  12:13  Dark Shrine  
  100  12:15  Assimilator  
  101  12:17  Assimilator  
  101  12:19  Zealot, Pylon  
  101  12:20  Zealot x6  
  101  12:21  Zealot x3  
  95  12:42  Stalker x3  
  95  12:43  Stalker x2  
  105  12:54  Photon Cannon  
  104  13:09  Dark Shrine  
  104  13:16  Stalker x5  
  104  13:17  Stalker x3  
  120  13:25  Pylon  
  117  13:32  Zealot x4  
  117  13:42  Zealot x6  
  117  13:43  Zealot x2  
Tags
 
Add a new tag
Caveats
  • Supply blocks, unpowered buildings, or Contaminate may cause inaccurate times.
  • Supply counts are checked every 10 seconds.